Kings vs Blues

Created - March 10, 2018 at 22:25

Goals
1 2 3 T
Kings 0 1 2 3
Blues 2 1 3 6
Shots
1 2 3 T
Kings 12 12 14 38
Blues 12 11 8 31

1st period

1. Blues , Patrick Kaleta 8 (Derek Boogaard 21, Tomas Plekanec 9) at 17:15
2. Blues , Patrick Kaleta 9 (Alex Pietrangelo 54) at 19:19

Penalties :
Blake Wheeler (STL) for High sticking (Minor) at 2:09

2nd period

3. Blues , David Perron 29 (Nicklas Backstrom 51) at 1:33
4. Kings , Greg Campbell 6 (Dan Boyle 12, Cam Janssen 5) at 19:17

Penalties :
Marian Hossa (STL) for Hooking (Minor) at 10:35, Travis Zajac (STL) for Charging (Minor) at 19:20

3rd period

5. Kings , Anze Kopitar 33 (Drew Doughty 64, Brian McGrattan 10) at 0:34 (PP)
6. Blues , Travis Zajac 26 (Victor Hedman 13, Blake Wheeler 18) at 1:25
7. Blues , Alex Pietrangelo 18 (Nicklas Backstrom 52) at 13:17 (PP)
8. Blues , David Perron 30 (Marian Hossa 25, Nicklas Backstrom 53) at 14:31
9. Kings , Patric Hornqvist 37 (Anze Kopitar 45) at 17:06

Penalties :
Blake Wheeler (STL) for Delaying the game (Minor) at 2:57, Brian McGrattan (LAK) for Slashing (Minor) at 13:13, Tom Poti (LAK) for Hooking (Minor) at 14:38, Maxim Kondratiev (LAK) for Interference (Minor) at 18:06

Goalie Stats

Mike Brodeur (LAK), 25 saves from 31 shots - (0.806), L, 6-4-2, 60:00 minutes
Carey Price (STL), 35 saves from 38 shots - (0.921), W, 26-25-5, 60:00 minutes

Players Stats for Kings

Player Name              G  A  P  +/- PIM S  H  SB GA TA FO     MP     PP MP  PK MP  
------------------------------------------------------------------------------------
Anze Kopitar             1  1  2  -1  0   2  1  0  1  0  13/22  22:03   4:48   0:55 
Brian McGrattan          0  1  1  -1  2   2  0  1  0  1  0/0    11:51   3:15   0:00 
Cam Janssen              0  1  1   0  0   0  0  0  0  0  0/0     8:17   0:07   0:00 
Chris Mcallister         0  0  0  -1  0   0  3  0  0  0  0/0    11:49   0:10   2:15 
Dan Boyle                0  1  1   2  0   0  0  1  1  0  0/0    13:14   2:30   0:09 
Drew Doughty             0  1  1   0  0   9  0  2  0  0  0/0    25:50   4:41   1:43 
Greg Campbell            1  0  1   0  0   3  0  0  0  0  3/6     9:53   0:00   2:15 
Johnny Gaudreau          0  0  0  -1  0   2  0  0  1  0  1/3    20:50   3:49   0:55 
Josef Vasicek            0  0  0  -1  0   0  1  0  1  1  3/5     9:52   0:30   0:00 
Martin St. Louis         0  0  0  -1  0   4  2  0  0  0  0/0    19:03   3:04   0:00 
Maxim Kondratiev         0  0  0   0  2   2  0  3  0  0  0/0    20:38   0:00   1:27 
Michael Haley            0  0  0   0  0   2  1  0  0  0  0/1     8:26   0:00   0:46 
Patric Hornqvist         1  0  1  -1  0   3  1  0  0  2  1/3    19:38   3:49   0:00 
Randy Jones              0  0  0   2  0   0  0  1  0  1  0/0    11:31   0:00   1:22 
Simon Gagné              0  0  0  -1  0   5  1  0  1  0  0/2    19:57   3:09   0:46 
Tom Poti                 0  0  0  -5  2   1  1  1  0  2  0/0    19:15   0:00   0:37 
Travis Hamonic           0  0  0  -5  0   1  4  0  0  0  0/0    24:18   2:30   2:34 
Tyler Seguin             0  0  0  -1  0   2  1  0  1  0  7/21   19:36   3:33   0:00 

Players Stats for Blues

Player Name              G  A  P  +/- PIM S  H  SB GA TA FO     MP     PP MP  PK MP  
------------------------------------------------------------------------------------
Alex Pietrangelo         1  1  2   1  0   5  5  0  0  1  0/0    22:21   2:13   0:00 
Blake Wheeler            0  1  1   1  4   0  0  1  0  0  0/2    15:59   0:00   2:12 
Bryce Lampman            0  0  0   1  0   2  1  0  1  1  0/0    24:35   1:43   4:47 
David Perron             2  0  2   0  0   6  1  0  1  0  1/2    21:13   2:17   0:38 
Derek Boogaard           0  1  1   2  0   1  2  0  0  0  1/1     9:10   0:00   2:07 
Jake Gardiner            0  0  0   3  0   1  0  2  0  1  0/0    22:22   2:13   2:24 
Linus Omark              0  0  0   0  0   0  2  0  0  0  0/0    10:23   0:00   0:00 
Logan Couture            0  0  0   0  0   2  1  0  0  1  1/3    11:59   0:00   1:25 
Marian Hossa             0  1  1   0  2   1  1  0  0  0  1/3    20:21   2:17   0:00 
Milan Michalek           0  0  0   1  0   2  2  0  2  0  0/0    15:01   1:39   0:00 
Nicklas Backstrom        0  3  3   0  0   2  2  0  1  0  18/28  24:10   2:17   3:36 
Patrick Kaleta           2  0  2   2  0   3  0  0  0  0  0/0     8:19   0:00   1:24 
Sergei Shirokov          0  0  0   0  0   0  3  0  0  0  0/0    12:03   1:39   0:00 
Shaone Morrisonn         0  0  0  -1  0   0  1  0  1  0  0/0    15:26   0:00   4:47 
Tomas Plekanec           0  1  1   2  0   0  1  0  0  0  1/2     6:33   0:00   0:00 
Travis Zajac             1  0  1   1  2   5  2  0  0  0  12/22  18:00   1:39   3:00 
Victor Hedman            0  1  1   3  0   1  0  2  1  0  0/0    19:03   1:43   0:00 
Yann Sauvé               0  0  0  -1  0   0  1  1  0  2  0/0    15:47   0:00   2:24 

3 Stars

1 - Patrick Kaleta (STL)
2 - Alex Pietrangelo (STL)
3 - David Perron (STL)

Power Play

Kings - 1 on 4 Attempt(s) - 25.00%
Blues - 1 on 3 Attempt(s) - 33.33%

Penalty Kill

Kings - 2 on 3 Attempt(s) - 66.67% - Score 0 goal in Penalty Kill
Blues - 3 on 4 Attempt(s) - 75.00% - Score 0 goal in Penalty Kill

Team Stat

Kings - Hits : 16 - Faceoff Wins : 28 - Blocked Shots : 9 - Penalty Minutes : 6
Blues - Hits : 25 - Faceoff Wins : 35 - Blocked Shots : 6 - Penalty Minutes : 8

Official

Referees : L'Ecuyer Frederick and Ciamaga Chris
Linesman : Greg Devorski and Vaughan Rody

Game Notes

No Game Note

Finance

Level 1 -- Attendance: 5426 (90.43%) -- Ticket Income $482,914
Level 2 -- Attendance: 4279 (85.58%) -- Ticket Income $243,903
Level 3 -- Attendance: 1875 (93.75%) -- Ticket Income $65,625
Level 4 -- Attendance: 3792 (94.80%) -- Ticket Income $91,008
Luxury Box -- Attendance: 792 (79.20%) -- Ticket Income $137,808
Game was played at the Scotttrade center.
Total Attendance: 16164 (89.80%)
Total Ticket Income: $1,021,258
Other Income: $153,189
Total Income: $1,174,447

Kings

5 vs 5 Forward 
   Center                   Left Wing                Right Wing               Time % Phy DF OF 
 1 Anze Kopitar             Johnny Gaudreau          Patric Hornqvist         40     1   2  2  
 2 Tyler Seguin             Simon Gagné              Martin St. Louis         40     1   3  1  
 3 Josef Vasicek            Chris Mcallister         Brian McGrattan          15     1   3  1  
 4 Greg Campbell            Michael Haley            Cam Janssen              5      1   3  1  

5 vs 5 Defense 
   Defense                  Defense                                           Time % Phy DF OF 
 1 Drew Doughty             Maxim Kondratiev                                  40     1   2  2  
 2 Tom Poti                 Travis Hamonic                                    40     1   2  2  
 3 Dan Boyle                Randy Jones                                       20     0   4  1  
 4 Drew Doughty             Maxim Kondratiev                                  0      1   3  1  

PowerPlay Forward 
   Center                   Left Wing                Right Wing               Time % Phy DF OF 
 1 Tyler Seguin             Johnny Gaudreau          Patric Hornqvist         70     0   1  4  
 2 Martin St. Louis         Simon Gagné              Brian McGrattan          30     1   1  3  

PowerPlay Defense
   Defense                  Defense                                           Time % Phy DF OF 
 1 Drew Doughty             Anze Kopitar                                      70     0   2  3  
 2 Travis Hamonic           Dan Boyle                                         30     0   3  2  

Penalty Kill 4 Players Forward 
   Center                   Wing                     Time % Phy DF OF 
 1 Greg Campbell            Chris Mcallister         60     1   3  1  
 2 Simon Gagné              Michael Haley            40     1   3  1  

Penalty Kill 4 Players Defense
   Defense                  Defense                  Time % Phy DF OF 
 1 Maxim Kondratiev         Travis Hamonic           60     1   4  0  
 2 Tom Poti                 Randy Jones              40     1   4  0  

Penalty Kill - 3 Players Forward 
   Forward                                           Time % Phy DF OF 
 1 Anze Kopitar                                      60     1   3  1  
 2 Greg Campbell                                     40     1   3  1  

Penalty Kill - 3 Players Defense
   Defense                  Defense                  Time % Phy DF OF 
 1 Maxim Kondratiev         Travis Hamonic           60     1   4  0  
 2 Drew Doughty             Randy Jones              40     1   4  0  

4 vs 4 Forward 
   Center                   Wing                     Time % Phy DF OF 
 1 Tyler Seguin             Anze Kopitar             60     1   2  2  
 2 Johnny Gaudreau          Patric Hornqvist         40     1   2  2  

4 vs 4 Defense
   Defense                  Defense                  Time % Phy DF OF 
 1 Drew Doughty             Travis Hamonic           60     1   2  2  
 2 Maxim Kondratiev         Dan Boyle                40     1   2  2  

Last Minutes Offensive
   Center                   Left Wing                Right Wing               Defense                  Defense                  
   Anze Kopitar             Johnny Gaudreau          Patric Hornqvist         Drew Doughty             Travis Hamonic           

Last Minutes Defensive
   Center                   Left Wing                Right Wing               Defense                  Defense                  
   Anze Kopitar             Chris Mcallister         Brian McGrattan          Drew Doughty             Travis Hamonic           

Goaltenders
Starting : Mike Brodeur             
Backup : Frederik Andersen        

Extra Forwards
Normal : Anze Kopitar, Johnny Gaudreau, Patric Hornqvist - PP : Brian McGrattan, Josef Vasicek - PK : Anze Kopitar
Extra Defensemen
Normal : Drew Doughty, Travis Hamonic, Maxim Kondratiev - PP : Tom Poti - PK : Drew Doughty, Dan Boyle
Penalty Shots
Anze Kopitar, Simon Gagné, Patric Hornqvist, Tyler Seguin, Greg Campbell

Scratches
Kyle Clifford (Right Eye Injury), Shane Doan (Healthy)

Blues

5 vs 5 Forward 
   Center                   Left Wing                Right Wing               Time % Phy DF OF 
 1 Nicklas Backstrom        David Perron             Marian Hossa             40     1   2  2  
 2 Travis Zajac             Milan Michalek           Blake Wheeler            30     1   2  2  
 3 Logan Couture            Linus Omark              Sergei Shirokov          20     1   2  2  
 4 Tomas Plekanec           Derek Boogaard           Patrick Kaleta           10     1   2  2  

5 vs 5 Defense 
   Defense                  Defense                                           Time % Phy DF OF 
 1 Alex Pietrangelo         Bryce Lampman                                     40     1   2  2  
 2 Jake Gardiner            Victor Hedman                                     30     1   2  2  
 3 Shaone Morrisonn         Yann Sauvé                                        20     1   2  2  
 4 Jake Gardiner            Yann Sauvé                                        10     1   2  2  

PowerPlay Forward 
   Center                   Left Wing                Right Wing               Time % Phy DF OF 
 1 Nicklas Backstrom        David Perron             Marian Hossa             60     1   2  2  
 2 Travis Zajac             Milan Michalek           Sergei Shirokov          40     1   2  2  

PowerPlay Defense
   Defense                  Defense                                           Time % Phy DF OF 
 1 Jake Gardiner            Alex Pietrangelo                                  60     1   2  2  
 2 Victor Hedman            Bryce Lampman                                     40     1   2  2  

Penalty Kill 4 Players Forward 
   Center                   Wing                     Time % Phy DF OF 
 1 Travis Zajac             Blake Wheeler            60     1   2  2  
 2 Logan Couture            Patrick Kaleta           40     1   2  2  

Penalty Kill 4 Players Defense
   Defense                  Defense                  Time % Phy DF OF 
 1 Shaone Morrisonn         Bryce Lampman            60     1   2  2  
 2 Yann Sauvé               Jake Gardiner            40     1   2  2  

Penalty Kill - 3 Players Forward 
   Forward                                           Time % Phy DF OF 
 1 Travis Zajac                                      60     1   2  2  
 2 Tomas Plekanec                                    40     1   2  2  

Penalty Kill - 3 Players Defense
   Defense                  Defense                  Time % Phy DF OF 
 1 Bryce Lampman            Shaone Morrisonn         60     1   2  2  
 2 Alex Pietrangelo         Jake Gardiner            40     1   2  2  

4 vs 4 Forward 
   Center                   Wing                     Time % Phy DF OF 
 1 Travis Zajac             Sergei Shirokov          60     1   2  2  
 2 Nicklas Backstrom        Linus Omark              40     1   2  2  

4 vs 4 Defense
   Defense                  Defense                  Time % Phy DF OF 
 1 Victor Hedman            Alex Pietrangelo         60     1   2  2  
 2 Bryce Lampman            Jake Gardiner            40     1   2  2  

Last Minutes Offensive
   Center                   Left Wing                Right Wing               Defense                  Defense                  
   Nicklas Backstrom        David Perron             Marian Hossa             Jake Gardiner            Alex Pietrangelo         

Last Minutes Defensive
   Center                   Left Wing                Right Wing               Defense                  Defense                  
   Travis Zajac             Milan Michalek           Patrick Kaleta           Bryce Lampman            Yann Sauvé               

Goaltenders
Starting : Carey Price              
Backup : Ray Emery                

Extra Forwards
Normal : Patrick Kaleta, Logan Couture, David Perron - PP : Sergei Shirokov, Tomas Plekanec - PK : Nicklas Backstrom
Extra Defensemen
Normal : Jake Gardiner, Yann Sauvé, Victor Hedman - PP : Shaone Morrisonn - PK : Alex Pietrangelo, Victor Hedman
Penalty Shots
David Perron, Marian Hossa, Logan Couture, Nicklas Backstrom, Sergei Shirokov

Scratches
Marcel Hossa (Healthy), Rickard Wallin (Healthy)

% Time on Ice - Kings

Lines # - Real PCT - Wanted PCT - Time Play
Normal Forward
1 - 32% - 40% - 15:51
2 - 33% - 40% - 16:02
3 - 19% - 15% - 9:22
4 - 16% - 5% - 7:38
Normal Defense
1 - 40% - 40% - 19:45
2 - 39% - 40% - 18:59
3 - 21% - 20% - 10:09
4 - 0% - 0% - 0:00
PP Forward
1 - 56% - 70% - 4:02
2 - 44% - 30% - 3:09
PP Defense
1 - 65% - 70% - 4:41
2 - 35% - 30% - 2:30
PK Forward
1 - 81% - 60% - 3:10
2 - 19% - 40% - 0:46
PK Defense
1 - 69% - 60% - 2:43
2 - 31% - 40% - 1:13
PK3 Forward
1 - 0% - 60%
2 - 0% - 40%
PK3 Defense
1 - 0% - 60%
2 - 0% - 40%
44 Forward
1 - 0% - 60%
2 - 0% - 40%
44 Defense
1 - 0% - 60%
2 - 0% - 40%
Last Minute Offensive  - 0:00
Last Minute Defensive  - 0:00
Total
Forward - 60:00
Defense - 60:00

% Time on Ice - Blues

Lines # - Real PCT - Wanted PCT - Time Play
Normal Forward
1 - 38% - 40% - 18:33
2 - 27% - 30% - 13:24
3 - 21% - 20% - 10:23
4 - 13% - 10% - 6:33
Normal Defense
1 - 43% - 40% - 20:59
2 - 30% - 30% - 14:26
3 - 21% - 20% - 10:02
4 - 7% - 10% - 3:26
PP Forward
1 - 58% - 60% - 2:17
2 - 42% - 40% - 1:39
PP Defense
1 - 56% - 60% - 2:13
2 - 44% - 40% - 1:43
PK Forward
1 - 81% - 60% - 5:47
2 - 19% - 40% - 1:24
PK Defense
1 - 67% - 60% - 4:47
2 - 33% - 40% - 2:24
PK3 Forward
1 - 0% - 60%
2 - 0% - 40%
PK3 Defense
1 - 0% - 60%
2 - 0% - 40%
44 Forward
1 - 0% - 60%
2 - 0% - 40%
44 Defense
1 - 0% - 60%
2 - 0% - 40%
Last Minute Offensive  - 0:00
Last Minute Defensive  - 0:00
Total
Forward - 60:00
Defense - 60:00

Play by Play

1st period


0:01 of 1st period - Nicklas Backstrom wins face-off versus Johnny Gaudreau in neutral zone.
0:10 of 1st period - Slapshot by David Perron.
0:10 of 1st period - Stopped by Mike Brodeur with a rebound.
0:12 of 1st period - Slapshot by Bryce Lampman.
0:12 of 1st period - Shot Hit the Post.
0:14 of 1st period - Slapshot by Bryce Lampman.
0:14 of 1st period - Stopped by Mike Brodeur with a rebound.
0:16 of 1st period - Slapshot by Bryce Lampman.
0:16 of 1st period - Shot Blocked by Maxim Kondratiev.
0:23 of 1st period - Icing by Anze Kopitar.
0:24 of 1st period - Travis Zajac wins face-off versus Anze Kopitar in Kings zone.
1:05 of 1st period - Snap shot by Patric Hornqvist.
1:05 of 1st period - Shot Misses the Net.
1:15 of 1st period - Wrist shot by Patrick Kaleta.
1:15 of 1st period - Stopped by Mike Brodeur with a rebound.
1:17 of 1st period - Snap shot by Jake Gardiner.
1:17 of 1st period - Deflect By Anze Kopitar.
1:17 of 1st period - Stopped by Mike Brodeur without a rebound.
1:18 of 1st period - Tyler Seguin wins face-off versus Nicklas Backstrom in Kings zone.
1:54 of 1st period - Slapshot by Martin St. Louis.
1:54 of 1st period - Shot Misses the Net.
1:56 of 1st period - Snap shot by Martin St. Louis.
1:56 of 1st period - Shot Misses the Net.
2:06 of 1st period - Snap shot by Tyler Seguin.
2:06 of 1st period - Stopped by Carey Price without a rebound.
2:07 of 1st period - Travis Zajac wins face-off versus Josef Vasicek in Blues zone.
2:09 of 1st period - Minor Penalty to Blake Wheeler for High sticking.
2:10 of 1st period - Travis Zajac wins face-off versus Tyler Seguin in Blues zone.
2:36 of 1st period - Bryce Lampman is hit by Simon Gagné and loses puck.
4:09 of 1st period - Penalty to Blake Wheeler is over, Blake Wheeler is back on ice.
4:15 of 1st period - Anze Kopitar is hit by Logan Couture and loses puck.
5:00 of 1st period - Chris Mcallister is hit by Sergei Shirokov and loses puck.
5:30 of 1st period - Snap shot by Blake Wheeler.
5:30 of 1st period - Deflect By Simon Gagné.
5:30 of 1st period - Shot Blocked by Randy Jones.
5:30 of 1st period - Puck is out of play.
5:31 of 1st period - Tyler Seguin wins face-off versus Travis Zajac in Kings zone.
5:31 of 1st period - Tyler Seguin is hit by Milan Michalek.
5:47 of 1st period - Randy Jones is hit by Derek Boogaard and loses puck.
6:07 of 1st period - Slapshot by Sergei Shirokov.
6:07 of 1st period - Shot Misses the Net.
6:31 of 1st period - David Perron is hit by Martin St. Louis and loses puck.
6:46 of 1st period - Slapshot by Travis Zajac.
6:46 of 1st period - Stopped by Mike Brodeur with a rebound.
6:48 of 1st period - Slapshot by Bryce Lampman.
6:48 of 1st period - Stopped by Mike Brodeur without a rebound.
6:49 of 1st period - Josef Vasicek wins face-off versus Nicklas Backstrom in Kings zone.
6:49 of 1st period - Josef Vasicek is hit by Nicklas Backstrom.
7:01 of 1st period - Wrist shot by Josef Vasicek.
7:01 of 1st period - Shot Misses the Net.
7:23 of 1st period - Snap shot by Travis Zajac.
7:23 of 1st period - Shot Blocked by Tom Poti.
7:29 of 1st period - Martin St. Louis is hit by Alex Pietrangelo and loses puck.
8:21 of 1st period - Icing by Travis Zajac.
8:22 of 1st period - Nicklas Backstrom wins face-off versus Josef Vasicek in Blues zone.
8:29 of 1st period - Alex Pietrangelo is hit by Chris Mcallister and loses puck.
8:38 of 1st period - Snap shot by Brian McGrattan.
8:38 of 1st period - Shot Misses the Net.
8:48 of 1st period - Martin St. Louis is hit by Sergei Shirokov and loses puck.
8:55 of 1st period - Simon Gagné is hit by Alex Pietrangelo and loses puck.
10:06 of 1st period - Wrist shot by Tyler Seguin.
10:06 of 1st period - Shot Misses the Net.
10:08 of 1st period - Slapshot by Drew Doughty.
10:08 of 1st period - Shot Blocked by Jake Gardiner.
10:10 of 1st period - Slapshot by Simon Gagné.
10:10 of 1st period - Shot Blocked by Victor Hedman.
10:12 of 1st period - Wrist shot by Simon Gagné.
10:12 of 1st period - Stopped by Carey Price with a rebound.
10:14 of 1st period - Slapshot by Simon Gagné.
10:14 of 1st period - Shot Misses the Net.
11:04 of 1st period - Snap shot by Greg Campbell.
11:04 of 1st period - Stopped by Carey Price with a rebound.
11:48 of 1st period - Off-side.
11:49 of 1st period - Tyler Seguin wins face-off versus Travis Zajac in neutral zone.
12:02 of 1st period - Simon Gagné is hit by Travis Zajac and loses puck.
12:17 of 1st period - Icing by Martin St. Louis.
12:18 of 1st period - Anze Kopitar wins face-off versus David Perron in Kings zone.
12:48 of 1st period - Icing by Shaone Morrisonn.
12:49 of 1st period - Logan Couture wins face-off versus Tyler Seguin in Blues zone.
13:40 of 1st period - Snap shot by Sergei Shirokov.
13:40 of 1st period - Shot Misses the Net.
13:58 of 1st period - Snap shot by Martin St. Louis.
13:58 of 1st period - Stopped by Carey Price with a rebound.
14:00 of 1st period - Snap shot by Drew Doughty.
14:00 of 1st period - Stopped by Carey Price with a rebound.
14:22 of 1st period - Snap shot by Drew Doughty.
14:22 of 1st period - Stopped by Carey Price with a rebound.
14:24 of 1st period - Slapshot by Drew Doughty.
14:24 of 1st period - Deflect By Logan Couture.
14:24 of 1st period - Stopped by Carey Price with a rebound.
14:26 of 1st period - Slapshot by Drew Doughty.
14:26 of 1st period - Stopped by Carey Price with a rebound.
14:56 of 1st period - Slapshot by Drew Doughty.
14:56 of 1st period - Deflect By Jake Gardiner.
14:56 of 1st period - Stopped by Carey Price with a rebound.
15:13 of 1st period - Off-side.
15:14 of 1st period - Nicklas Backstrom wins face-off versus Anze Kopitar in neutral zone.
15:41 of 1st period - Travis Zajac is hit by Travis Hamonic and loses puck.
16:24 of 1st period - Nicklas Backstrom is hit by Anze Kopitar.
16:28 of 1st period - Dan Boyle is hit by Yann Sauvé and loses puck.
16:41 of 1st period - Slapshot by Brian McGrattan.
16:41 of 1st period - Stopped by Carey Price without a rebound.
16:42 of 1st period - Josef Vasicek wins face-off versus Travis Zajac in Blues zone.
16:45 of 1st period - Snap shot by Brian McGrattan.
16:45 of 1st period - Stopped by Carey Price with a rebound.
17:13 of 1st period - Slapshot by Derek Boogaard.
17:13 of 1st period - Stopped by Mike Brodeur with a rebound.
17:15 of 1st period - Wrist shot by Patrick Kaleta.
17:15 of 1st period - Goal by Patrick Kaleta - Kings : 0 - Blues : 1.
17:16 of 1st period - Anze Kopitar wins face-off versus Marian Hossa in neutral zone.
17:19 of 1st period - Snap shot by Patric Hornqvist.
17:19 of 1st period - Stopped by Carey Price without a rebound.
17:20 of 1st period - Anze Kopitar wins face-off versus Nicklas Backstrom in Blues zone.
17:51 of 1st period - Wrist shot by Travis Zajac.
17:51 of 1st period - Stopped by Mike Brodeur with a rebound.
17:53 of 1st period - Slapshot by Alex Pietrangelo.
17:53 of 1st period - Deflect By Chris Mcallister.
17:53 of 1st period - Stopped by Mike Brodeur without a rebound.
17:54 of 1st period - Travis Zajac wins face-off versus Tyler Seguin in Kings zone.
19:19 of 1st period - Snap shot by Patrick Kaleta.
19:19 of 1st period - Goal by Patrick Kaleta - Kings : 0 - Blues : 2.
19:20 of 1st period - Nicklas Backstrom wins face-off versus Patric Hornqvist in neutral zone.
19:29 of 1st period - Snap shot by David Perron.
19:29 of 1st period - Stopped by Mike Brodeur with a rebound.
19:31 of 1st period - Slapshot by Bryce Lampman.
19:31 of 1st period - Shot Misses the Net.
19:33 of 1st period - Slapshot by Bryce Lampman.
19:33 of 1st period - Shot Blocked by Dan Boyle.
19:35 of 1st period - Snap shot by Marian Hossa.
19:35 of 1st period - Shot Misses the Net.
Goals for this period are 0 for Kings vs 2 for Blues.
Shots for this period are 12 for Kings vs 12 for Blues.

2nd period


0:01 of 2nd period - Nicklas Backstrom wins face-off versus Anze Kopitar in neutral zone.
0:30 of 2nd period - Wrist shot by Martin St. Louis.
0:30 of 2nd period - Stopped by Carey Price with a rebound.
0:39 of 2nd period - Icing by Maxim Kondratiev.
0:40 of 2nd period - Nicklas Backstrom wins face-off versus Tyler Seguin in Kings zone.
1:09 of 2nd period - Backhand shot by Drew Doughty.
1:09 of 2nd period - Stopped by Carey Price without a rebound.
1:10 of 2nd period - Anze Kopitar wins face-off versus Blake Wheeler in Blues zone.
1:13 of 2nd period - Snap shot by Johnny Gaudreau.
1:13 of 2nd period - Stopped by Carey Price with a rebound.
1:25 of 2nd period - Slapshot by Travis Zajac.
1:25 of 2nd period - Stopped by Mike Brodeur without a rebound.
1:26 of 2nd period - David Perron wins face-off versus Anze Kopitar in Kings zone.
1:33 of 2nd period - Wrist shot by David Perron.
1:33 of 2nd period - Goal by David Perron - Kings : 0 - Blues : 3.
1:34 of 2nd period - Anze Kopitar wins face-off versus Marian Hossa in neutral zone.
2:04 of 2nd period - Off-side.
2:05 of 2nd period - Travis Zajac wins face-off versus Tyler Seguin in neutral zone.
2:27 of 2nd period - Icing by Travis Zajac.
2:28 of 2nd period - Travis Zajac wins face-off versus Anze Kopitar in Blues zone.
2:28 of 2nd period - Travis Zajac is hit by Travis Hamonic.
2:46 of 2nd period - Icing by Travis Hamonic.
2:47 of 2nd period - Anze Kopitar wins face-off versus Travis Zajac in Kings zone.
3:23 of 2nd period - Off-side.
3:24 of 2nd period - Travis Zajac wins face-off versus Tyler Seguin in neutral zone.
4:47 of 2nd period - Off-side.
4:48 of 2nd period - Anze Kopitar wins face-off versus Travis Zajac in neutral zone.
5:42 of 2nd period - Slapshot by Travis Hamonic.
5:42 of 2nd period - Stopped by Carey Price with a rebound.
5:44 of 2nd period - Slapshot by Travis Hamonic.
5:44 of 2nd period - Shot Misses the Net.
5:46 of 2nd period - Slapshot by Tom Poti.
5:46 of 2nd period - Deflect By Victor Hedman.
5:46 of 2nd period - Stopped by Carey Price without a rebound.
5:47 of 2nd period - Travis Zajac wins face-off versus Anze Kopitar in Blues zone.
5:47 of 2nd period - Travis Zajac is hit by Patric Hornqvist.
5:53 of 2nd period - Drew Doughty is hit by Alex Pietrangelo and loses puck.
6:02 of 2nd period - Slapshot by Alex Pietrangelo.
6:02 of 2nd period - Shot Blocked by Drew Doughty.
6:04 of 2nd period - Snap shot by Milan Michalek.
6:04 of 2nd period - Stopped by Mike Brodeur without a rebound.
6:05 of 2nd period - Tyler Seguin wins face-off versus Nicklas Backstrom in Kings zone.
6:40 of 2nd period - Wrist shot by Travis Zajac.
6:40 of 2nd period - Deflect By Milan Michalek.
6:40 of 2nd period - Stopped by Mike Brodeur without a rebound.
6:41 of 2nd period - Nicklas Backstrom wins face-off versus Anze Kopitar in Kings zone.
6:44 of 2nd period - Wrist shot by Nicklas Backstrom.
6:44 of 2nd period - Shot Blocked by Maxim Kondratiev.
6:46 of 2nd period - Slapshot by Alex Pietrangelo.
6:46 of 2nd period - Shot Misses the Net.
6:48 of 2nd period - Snap shot by David Perron.
6:48 of 2nd period - Shot Blocked by Drew Doughty.
6:50 of 2nd period - Slapshot by Alex Pietrangelo.
6:50 of 2nd period - Stopped by Mike Brodeur without a rebound.
6:51 of 2nd period - Johnny Gaudreau wins face-off versus Nicklas Backstrom in Kings zone.
7:07 of 2nd period - Snap shot by Patric Hornqvist.
7:07 of 2nd period - Shot Misses the Net.
7:19 of 2nd period - Snap shot by Anze Kopitar.
7:19 of 2nd period - Shot Misses the Net.
8:19 of 2nd period - Wrist shot by Nicklas Backstrom.
8:19 of 2nd period - Stopped by Mike Brodeur with a rebound.
8:21 of 2nd period - Slapshot by Marian Hossa.
8:21 of 2nd period - Shot Misses the Net.
8:23 of 2nd period - Slapshot by Nicklas Backstrom.
8:23 of 2nd period - Stopped by Mike Brodeur without a rebound.
8:24 of 2nd period - Tyler Seguin wins face-off versus Travis Zajac in Kings zone.
8:30 of 2nd period - Off-side.
8:31 of 2nd period - Tyler Seguin wins face-off versus Travis Zajac in neutral zone.
9:42 of 2nd period - Shaone Morrisonn is hit by Tyler Seguin.
9:46 of 2nd period - Tyler Seguin is hit by Linus Omark and loses puck.
9:51 of 2nd period - Snap shot by Sergei Shirokov.
9:51 of 2nd period - Shot Misses the Net.
9:53 of 2nd period - Wrist shot by Logan Couture.
9:53 of 2nd period - Stopped by Mike Brodeur without a rebound.
9:54 of 2nd period - Greg Campbell wins face-off versus Tomas Plekanec in Kings zone.
9:59 of 2nd period - Slapshot by Drew Doughty.
9:59 of 2nd period - Deflect By Greg Campbell.
9:59 of 2nd period - Stopped by Carey Price without a rebound.
10:00 of 2nd period - Tomas Plekanec wins face-off versus Michael Haley in Blues zone.
10:07 of 2nd period - Snap shot by Patrick Kaleta.
10:07 of 2nd period - Shot Misses the Net.
10:13 of 2nd period - Snap shot by Alex Pietrangelo.
10:13 of 2nd period - Stopped by Mike Brodeur without a rebound.
10:14 of 2nd period - Nicklas Backstrom wins face-off versus Simon Gagné in Kings zone.
10:35 of 2nd period - Minor Penalty to Marian Hossa for Hooking.
10:36 of 2nd period - Travis Zajac wins face-off versus Tyler Seguin in Blues zone.
12:35 of 2nd period - Penalty to Marian Hossa is over, Marian Hossa is back on ice.
12:42 of 2nd period - Jake Gardiner is hit by Michael Haley and loses puck.
13:05 of 2nd period - Marian Hossa is hit by Chris Mcallister and loses puck.
13:27 of 2nd period - Icing by Alex Pietrangelo.
13:28 of 2nd period - Anze Kopitar wins face-off versus Logan Couture in Blues zone.
13:29 of 2nd period - Slapshot by Patric Hornqvist.
13:29 of 2nd period - Shot Misses the Net.
14:01 of 2nd period - Backhand shot by Simon Gagné.
14:01 of 2nd period - Stopped by Carey Price without a rebound.
14:02 of 2nd period - Tyler Seguin wins face-off versus Nicklas Backstrom in Blues zone.
14:05 of 2nd period - Snap shot by Martin St. Louis.
14:05 of 2nd period - Stopped by Carey Price with a rebound.
14:56 of 2nd period - Slapshot by Drew Doughty.
14:56 of 2nd period - Stopped by Carey Price with a rebound.
15:02 of 2nd period - Slapshot by Drew Doughty.
15:02 of 2nd period - Shot Blocked by Yann Sauvé.
15:34 of 2nd period - Snap shot by Yann Sauvé.
15:34 of 2nd period - Deflect By Nicklas Backstrom.
15:34 of 2nd period - Shot Misses the Net.
15:34 of 2nd period - Puck is out of play.
15:35 of 2nd period - Nicklas Backstrom wins face-off versus Tyler Seguin in Kings zone.
15:38 of 2nd period - Wrist shot by David Perron.
15:38 of 2nd period - Stopped by Mike Brodeur without a rebound.
15:39 of 2nd period - Anze Kopitar wins face-off versus Nicklas Backstrom in Kings zone.
15:56 of 2nd period - Wrist shot by Victor Hedman.
15:56 of 2nd period - Stopped by Mike Brodeur with a rebound.
16:06 of 2nd period - Victor Hedman is hit by Travis Hamonic and loses puck.
17:16 of 2nd period - Drew Doughty is hit by Bryce Lampman and loses puck.
18:10 of 2nd period - Cam Janssen is hit by Alex Pietrangelo and loses puck.
18:40 of 2nd period - Wrist shot by Michael Haley.
18:40 of 2nd period - Stopped by Carey Price with a rebound.
18:56 of 2nd period - Dan Boyle is hit by Shaone Morrisonn and loses puck.
19:03 of 2nd period - Wrist shot by Michael Haley.
19:03 of 2nd period - Stopped by Carey Price with a rebound.
19:05 of 2nd period - Snap shot by Greg Campbell.
19:05 of 2nd period - Shot Misses the Net.
19:17 of 2nd period - Snap shot by Greg Campbell.
19:17 of 2nd period - Goal by Greg Campbell - Kings : 1 - Blues : 3.
19:18 of 2nd period - Travis Zajac wins face-off versus Tyler Seguin in neutral zone.
19:20 of 2nd period - Minor Penalty to Travis Zajac for Charging.
19:21 of 2nd period - Nicklas Backstrom wins face-off versus Tyler Seguin in Blues zone.
Goals for this period are 1 for Kings vs 1 for Blues.
Shots for this period are 12 for Kings vs 11 for Blues.

3rd period


0:01 of 3rd period - Nicklas Backstrom wins face-off versus Tyler Seguin in neutral zone.
0:30 of 3rd period - Slapshot by Anze Kopitar.
0:30 of 3rd period - Shot Blocked by Blake Wheeler.
0:32 of 3rd period - Slapshot by Drew Doughty.
0:32 of 3rd period - Shot Misses the Net.
0:34 of 3rd period - Slapshot by Anze Kopitar.
0:34 of 3rd period - Goal by Anze Kopitar - Kings : 2 - Blues : 3.
0:35 of 3rd period - Nicklas Backstrom wins face-off versus Simon Gagné in neutral zone.
1:09 of 3rd period - Snap shot by Drew Doughty.
1:09 of 3rd period - Stopped by Carey Price with a rebound.
1:11 of 3rd period - Snap shot by Drew Doughty.
1:11 of 3rd period - Stopped by Carey Price with a rebound.
1:13 of 3rd period - Slapshot by Maxim Kondratiev.
1:13 of 3rd period - Stopped by Carey Price without a rebound.
1:14 of 3rd period - Anze Kopitar wins face-off versus Travis Zajac in Blues zone.
1:25 of 3rd period - Wrist shot by Travis Zajac.
1:25 of 3rd period - Goal by Travis Zajac - Kings : 2 - Blues : 4.
1:26 of 3rd period - Nicklas Backstrom wins face-off versus Tyler Seguin in neutral zone.
1:48 of 3rd period - Maxim Kondratiev is hit by Marian Hossa and loses puck.
2:28 of 3rd period - Snap shot by Martin St. Louis.
2:28 of 3rd period - Deflect By Simon Gagné.
2:28 of 3rd period - Stopped by Carey Price with a rebound.
2:30 of 3rd period - Snap shot by Simon Gagné.
2:30 of 3rd period - Stopped by Carey Price with a rebound.
2:32 of 3rd period - Snap shot by Simon Gagné.
2:32 of 3rd period - Shot Blocked by Jake Gardiner.
2:34 of 3rd period - Snap shot by Simon Gagné.
2:34 of 3rd period - Stopped by Carey Price without a rebound.
2:35 of 3rd period - Patric Hornqvist wins face-off versus Blake Wheeler in Blues zone.
2:57 of 3rd period - Minor Penalty to Blake Wheeler for Delaying the game.
2:58 of 3rd period - Travis Zajac wins face-off versus Johnny Gaudreau in Blues zone.
3:31 of 3rd period - Derek Boogaard is hit by Travis Hamonic and loses puck.
4:57 of 3rd period - Penalty to Blake Wheeler is over, Blake Wheeler is back on ice.
5:19 of 3rd period - Wrist shot by Derek Boogaard.
5:19 of 3rd period - Shot Blocked by Brian McGrattan.
5:48 of 3rd period - Snap shot by Patrick Kaleta.
5:48 of 3rd period - Shot Misses the Net.
7:21 of 3rd period - Martin St. Louis is hit by Sergei Shirokov and loses puck.
7:46 of 3rd period - Alex Pietrangelo is hit by Chris Mcallister and loses puck.
8:43 of 3rd period - Derek Boogaard is hit by Tom Poti.
9:10 of 3rd period - Drew Doughty is hit by Linus Omark and loses puck.
9:17 of 3rd period - Alex Pietrangelo is hit by Martin St. Louis and loses puck.
9:45 of 3rd period - Travis Hamonic is hit by Travis Zajac and loses puck.
9:58 of 3rd period - Travis Hamonic is hit by Nicklas Backstrom.
10:30 of 3rd period - Maxim Kondratiev is hit by Tomas Plekanec and loses puck.
10:43 of 3rd period - Drew Doughty is hit by Milan Michalek and loses puck.
11:23 of 3rd period - Wrist shot by Travis Zajac.
11:23 of 3rd period - Stopped by Mike Brodeur with a rebound.
11:42 of 3rd period - Cam Janssen is hit by Derek Boogaard and loses puck.
11:59 of 3rd period - Wrist shot by Martin St. Louis.
11:59 of 3rd period - Stopped by Carey Price without a rebound.
12:00 of 3rd period - Nicklas Backstrom wins face-off versus Tyler Seguin in Blues zone.
12:07 of 3rd period - Snap shot by Tyler Seguin.
12:07 of 3rd period - Stopped by Carey Price without a rebound.
12:08 of 3rd period - Nicklas Backstrom wins face-off versus Anze Kopitar in Blues zone.
12:49 of 3rd period - Off-side.
12:50 of 3rd period - Josef Vasicek wins face-off versus Logan Couture in neutral zone.
13:13 of 3rd period - Minor Penalty to Brian McGrattan for Slashing.
13:14 of 3rd period - Nicklas Backstrom wins face-off versus Greg Campbell in Kings zone.
13:15 of 3rd period - Slapshot by Alex Pietrangelo.
13:15 of 3rd period - Stopped by Mike Brodeur with a rebound.
13:17 of 3rd period - Wrist shot by Alex Pietrangelo.
13:17 of 3rd period - Goal by Alex Pietrangelo - Kings : 2 - Blues : 5.
13:18 of 3rd period - Anze Kopitar wins face-off versus Travis Zajac in neutral zone.
13:23 of 3rd period - Wrist shot by Johnny Gaudreau.
13:23 of 3rd period - Stopped by Carey Price with a rebound.
14:09 of 3rd period - Backhand shot by Maxim Kondratiev.
14:09 of 3rd period - Shot Blocked by Victor Hedman.
14:19 of 3rd period - Snap shot by Logan Couture.
14:19 of 3rd period - Stopped by Mike Brodeur without a rebound.
14:20 of 3rd period - Nicklas Backstrom wins face-off versus Tyler Seguin in Kings zone.
14:29 of 3rd period - Slapshot by Marian Hossa.
14:29 of 3rd period - Stopped by Mike Brodeur with a rebound.
14:31 of 3rd period - Slapshot by David Perron.
14:31 of 3rd period - Goal by David Perron - Kings : 2 - Blues : 6.
14:32 of 3rd period - Marian Hossa wins face-off versus Patric Hornqvist in neutral zone.
14:38 of 3rd period - Minor Penalty to Tom Poti for Hooking.
14:39 of 3rd period - Greg Campbell wins face-off versus Nicklas Backstrom in Kings zone.
14:47 of 3rd period - Snap shot by Chris Mcallister.
14:47 of 3rd period - Shot Misses the Net.
14:49 of 3rd period - Slapshot by Maxim Kondratiev.
14:49 of 3rd period - Stopped by Carey Price without a rebound.
14:50 of 3rd period - Nicklas Backstrom wins face-off versus Greg Campbell in Blues zone.
14:57 of 3rd period - Snap shot by Nicklas Backstrom.
14:57 of 3rd period - Shot Blocked by Maxim Kondratiev.
14:59 of 3rd period - Slapshot by Jake Gardiner.
14:59 of 3rd period - Deflect By David Perron.
14:59 of 3rd period - Stopped by Mike Brodeur with a rebound.
16:15 of 3rd period - Icing by Travis Zajac.
16:16 of 3rd period - Travis Zajac wins face-off versus Greg Campbell in Blues zone.
16:38 of 3rd period - Penalty to Tom Poti is over, Tom Poti is back on ice.
16:44 of 3rd period - Icing by Anze Kopitar.
16:45 of 3rd period - Derek Boogaard wins face-off versus Anze Kopitar in Kings zone.
16:48 of 3rd period - Wrist shot by Tomas Plekanec.
16:48 of 3rd period - Shot Misses the Net.
16:56 of 3rd period - Snap shot by Patric Hornqvist.
16:56 of 3rd period - Stopped by Carey Price without a rebound.
16:57 of 3rd period - Anze Kopitar wins face-off versus Nicklas Backstrom in Blues zone.
17:06 of 3rd period - Wrist shot by Patric Hornqvist.
17:06 of 3rd period - Goal by Patric Hornqvist - Kings : 3 - Blues : 6.
17:07 of 3rd period - Anze Kopitar wins face-off versus Travis Zajac in neutral zone.
17:10 of 3rd period - Snap shot by Johnny Gaudreau.
17:10 of 3rd period - Shot Misses the Net.
17:22 of 3rd period - Snap shot by Anze Kopitar.
17:22 of 3rd period - Stopped by Carey Price with a rebound.
17:34 of 3rd period - Alex Pietrangelo is hit by Josef Vasicek and loses puck.
18:06 of 3rd period - Minor Penalty to Maxim Kondratiev for Interference.
18:07 of 3rd period - Greg Campbell wins face-off versus Nicklas Backstrom in Kings zone.
18:07 of 3rd period - Greg Campbell is hit by Alex Pietrangelo.
18:18 of 3rd period - Travis Hamonic is hit by David Perron and loses puck.
Goals for this period are 2 for Kings vs 3 for Blues.
Shots for this period are 14 for Kings vs 8 for Blues.